 Dungeon Crawl Stone Soup version 0.25-a0-566-g062765be81 (webtiles) character file.

Game seed: 9108419730722689837, levelgen mode: deterministic

2943 Emblim88 the Ruffian (level 9, -2/85 HPs)
             Began as a Troll Transmuter on Feb 27, 2020.
             Was a Follower of Fedhas.
             Slain by a gnoll sergeant
             ... wielding a +0 spear of distortion
              (8 damage)
             ... on level 7 of the Dungeon.
             The game lasted 00:19:53 (6417 turns).

Emblim88 the Ruffian (Troll Transmuter)             Turns: 6417, Time: 00:19:53

Health: -2/85      AC:  6    Str: 23    XL:     9   Next: 51%
Magic:  11/11      EV: 10    Int:  9    God:    Fedhas [*.....]
Gold:   129        SH:  0    Dex: 10    Spells: 2/10 levels left

rFire    . . .     SeeInvis .     - Unarmed
rCold    + . .     Gourm    +   (no shield)
rNeg     . . .     Faith    .   r - +0 robe {MR+}
rPois    +         Spirit   .   (helmet restricted)
rElec    .         Reflect  .   z - scarf {repulsion}
rCorr    .         Harm     .   (gloves unavailable)
MR       +....                  (boots unavailable)
Stlth    +.........             v - amulet of rage
HPRegen  0.64/turn              c - ring of protection from cold
MPRegen  0.12/turn              q - ring of poison resistance

@: repel missiles
A: large, unfitting armour, claws 3, fast metabolism 3, gourmand, regeneration
1, shaggy fur 1, tough skin 3
a: Renounce Religion, Evoke Berserk Rage


You were on level 7 of the Dungeon.
You worshipped Fedhas.
Fedhas was aware of your devotion.
You were full.

You visited 2 branches of the dungeon, and saw 8 of its levels.

You collected 314 gold pieces.
You spent 155 gold pieces at shops.
You donated 30 gold pieces to Zin.

Inventory:

Hand Weapons
 s - the +7 halberd of Annihilation {freeze, Fragile rPois rC++ SInv}
   (You took it off an orc warrior on level 6 of the Dungeon)

   It has been specially enchanted to freeze those struck by it, causing extra
   injury to most foes and up to half again as much damage against particularly
   susceptible opponents.
   It can also slow down cold-blooded creatures.
   It greatly protects you from cold.
   It protects you from poison.
   It lets you see invisible.
   It will be destroyed if unequipped.
Missiles
 a - 50 arrows
 b - 19 poisoned darts (quivered)
 h - 259 stones
 A - 7 javelins
Armour
 r - a +0 robe of magic resistance (worn)
 z - a scarf of repulsion (worn)
Jewellery
 c - a ring of protection from cold (left claw)
 i - an uncursed ring of fire
 q - a ring of poison resistance (right claw)
 v - an amulet of rage (around neck)
Wands
 u - a wand of iceblast (8)
Scrolls
 j - 4 scrolls of remove curse
 l - 3 scrolls of fog
 m - a scroll of fear
 p - a scroll of amnesia
 y - 2 scrolls of magic mapping
Potions
 e - 2 potions of stabbing
 f - 2 potions of degeneration
 k - 2 potions of might
 n - 8 potions of curing
 o - a potion of brilliance
 t - a potion of flight
 w - a potion of haste {unknown}
Comestibles
 d - 16 rations


   Skills:
 + Level 4.4 Fighting
 - Level 3.9 Throwing
 - Level 1.5 Dodging
 + Level 6.2 Unarmed Combat
 - Level 1.2 Spellcasting
 * Level 6.2 Transmutations
 * Level 4.9 Invocations
 + Level 0.4 Evocations


You had 2 spell levels left.
You knew the following spells:

 Your Spells              Type           Power        Failure   Level  Hunger
a - Beastly Appendage     Tmut           ##....       2%          1    ##.....
b - Blade Hands           Tmut           ##........   61%         5    ######.
c - Sticks to Snakes      Tmut           ##......     4%          2    ###....

Your spell library contained the following spells:

 Spells                   Type           Power        Failure   Level  Hunger
 Spider Form              Tmut/Pois      #.........   30%         3    ####...
 Ice Form                 Ice/Tmut       #.......     71%         4    #####..


Dungeon Overview and Level Annotations

Branches:
Dungeon (7/15)             Temple (1/1) D:4

Altars:
Ashenzari
Cheibriados
Dithmenos
Elyvilon
Fedhas
Gozag
Hepliaklqana
Kikubaaqudgha
Makhleb
Nemelex Xobeh
Qazlal
Ru
Sif Muna
Trog
Uskayaw
Vehumet
Wu Jian
Xom
Yredelemnul
Zin
The Shining One
Beogh

Shops:
D:6 ?

Annotations:
D:5 3 runed translucent doors, terminal's ghost, amateur MfSk


Innate Abilities, Weirdness & Mutations

You are too large for most types of armour.
You have claws for hands.
Your metabolism is lightning-fast.
You like to eat raw meat.
Your natural rate of healing is unusually fast.
You are covered in fur. (AC +1)
You have extremely tough skin. (AC +3)


Message History

The gnoll hits you with a +0 club!
You claw the gnoll!
You kill the gnoll!
Fedhas accepts your kill.
The gnoll sergeant hits you from afar with a +0 spear of distortion.
You blink.
The gnoll sergeant hits you from afar with a +0 spear of distortion.
Space warps horribly around you! The gnoll hits you with a +0 spear.
You claw the gnoll!
The gnoll is almost dead.
The gnoll sergeant barely misses you. The gnoll hits you with a +0 spear.
You scratch the gnoll.
You kill the gnoll!
Fedhas accepts your kill.
The gnoll sergeant hits you from afar with a +0 spear of distortion.
Space warps horribly around you!!
* * * LOW HITPOINT WARNING * * *
The gnoll sergeant hits you with a +0 spear of distortion!
You die...
Fedhas appreciates your contribution to the ecosystem.

#........#
+....)...#
#........#
####'######..
###...........#
.........!.#####
................
##.#.#...######.
........@#
.#.....)g#
#.#.#...# .
#.#.... . .....
. .##..## #.
#..# # #..#


You could see a gnoll sergeant.

Vanquished Creatures
  Pikel (D:5)
  The ghost of Piu the Tainter, a novice OpVM of Ashenzari (D:6)
  5 orc warriors
  A sky beast (D:5)
  A black bear (D:7)
  2 slaves (D:5)
  An ice beast (D:6)
  A necrophage (D:5)
  2 centaurs
  2 ogres
  A big kobold (D:7)
  A bullfrog (D:6)
  A howler monkey (D:4)
  4 crimson imps
  A quasit (D:7)
  2 hounds (D:4)
  8 orc priests
  A bullfrog skeleton (D:5)
  2 orc wizards
  Natasha (twice) (D:3)
  3 worker ants
  Robin (D:2)
  3 gnolls (D:7)
  6 adders
  2 oozes
  An adder skeleton (D:6)
  A worm (D:2)
  A leopard gecko (D:4)
  26 orcs
  5 bats
  A giant cockroach (D:2)
  14 goblins
  8 hobgoblins
  5 jackals
  11 kobolds
  6 quokkas
  2 ball pythons
  4 frilled lizards
  A leopard gecko skeleton (D:7)
  4 rats
145 creatures vanquished.

Vanquished Creatures (others)
  A slave (D:5)
  A scorpion (D:5)
  4 orcs (D:5)
  A goblin (D:2)
  4 jackals (D:5)
11 creatures vanquished.

Grand Total: 156 creatures vanquished

Notes
Turn   | Place    | Note
-------+----------+-------------------------------------------
     0 | D:1      | Emblim88 the Troll Transmuter began the quest for the Orb.
     0 | D:1      | Reached XP level 1. HP: 18/18 MP: 1/1
    77 | D:1      | Reached skill level 1 in Fighting
    86 | D:1      | Reached XP level 2. HP: 27/27 MP: 2/2
   610 | D:2      | Noticed a crimson imp
   628 | D:2      | Killed a crimson imp
   628 | D:2      | Reached XP level 3. HP: 33/33 MP: 3/3
   636 | D:2      | Reached skill level 1 in Throwing
   659 | D:2      | Reached XP level 4. HP: 41/41 MP: 4/4
   659 | D:2      | Noticed Robin
   686 | D:2      | Killed Robin
  1460 | D:3      | Reached XP level 5. HP: 40/49 MP: 5/5
  1525 | D:3      | Noticed a centaur
  1534 | D:3      | Killed a centaur
  1970 | D:3      | Noticed Natasha
  1978 | D:3      | Killed Natasha
  2149 | D:3      | Noticed Natasha
  2156 | D:3      | Killed Natasha
  2156 | D:3      | Reached XP level 6. HP: 47/57 MP: 6/6
  2183 | D:3      | Found a glowing golden altar of the Shining One.
  2316 | D:4      | Found a radiant altar of Vehumet.
  2369 | D:4      | Found a shimmering altar of Xom.
  2370 | D:4      | Found a shimmering altar of Xom.
  2371 | D:4      | Found a shimmering altar of Xom.
  2371 | D:4      | Found a shimmering altar of Xom.
  2372 | D:4      | Found a shimmering altar of Xom.
  2372 | D:4      | Found a shimmering altar of Xom.
  2375 | D:4      | Found a shimmering altar of Xom.
  2491 | D:4      | Found a shattered altar of Ashenzari.
  2526 | D:4      | Found a staircase to the Ecumenical Temple.
  2537 | Temple   | Entered the Ecumenical Temple
  2770 | Temple   | Became a worshipper of Zin the Law-Giver
  2770 | Temple   | Reached * piety under Zin
  3154 | D:4      | Reached XP level 7. HP: 66/66 MP: 7/7
  3337 | D:5      | Entered Level 5 of the Dungeon
  3351 | D:5      | Noticed Pikel
  3385 | D:5      | Killed Pikel
  3385 | D:5      | Reached skill level 1 in Invocations
  3696 | D:5      | Reached XP level 8. HP: 75/75 MP: 8/8
  3792 | D:5      | Reached skill level 5 in Unarmed Combat
  3827 | D:5      | Reached ** piety under Zin
  4045 | D:5      | Learned a level 5 spell: Blade Hands
  4048 | D:5      | Learned a level 2 spell: Sticks to Snakes
  4121 | D:5      | Reached skill level 5 in Transmutations
  4268 | D:5      | Found a runed translucent gate.
  4269 | D:5      | Found a runed translucent gate.
  4270 | D:5      | Found a runed translucent gate.
  4317 | D:5      | Noticed terminal's ghost (amateur MfSk)
  4789 | D:6      | Found a hide-covered altar of Uskayaw.
  4792 | D:6      | Noticed a +0 hand axe
  4796 | D:6      | Noticed a +0 dagger
  4826 | D:6      | Found Bor Gotwoits's Magic Scroll Shoppe.
  4849 | D:6      | Bought a scroll of remove curse for 30 gold pieces
  4849 | D:6      | Bought a scroll of identify for 20 gold pieces
  4849 | D:6      | Bought a scroll of teleportation for 30 gold pieces
  4849 | D:6      | Bought a scroll of fog for 20 gold pieces
  4849 | D:6      | Bought a scroll of identify for 20 gold pieces
  4849 | D:6      | Bought a scroll of magic mapping for 35 gold pieces
  5019 | D:6      | Found a runed translucent gate.
  5019 | D:6      | Found a runed translucent gate.
  5019 | D:6      | Noticed Piu's ghost (novice OpVM)
  5020 | D:6      | Found a runed translucent gate.
  5020 | D:6      | Identified the +7 halberd of Annihilation {freeze, Fragile
                  | rPois rC++ SInv}
  5020 | D:6      | Identified the +5 chain mail of Kialuov {rElec rPois rF+
                  | rN+}
  5021 | D:6      | Found a roughly hewn altar of Beogh.
  5538 | D:6      | Killed Piu's ghost
  5538 | D:6      | Reached XP level 9. HP: 54/84 MP: 9/11
  5778 | Temple   | Fell from the grace of Zin
  5778 | Temple   | Became a worshipper of Fedhas Madash
  6416 | D:7      | Reached * piety under Fedhas
  6417 | D:7      | Slain by a gnoll sergeant

Levels and vault maps discovered:
D:1:      minmay_arrival_solitary_statue, layout_basic
D:2:      layout_loops_ring, uniq_robin
D:3:      wad_pebble_path, layout_loops_corners, lemuel_round_altar,
          due_unseen_surprise, uniq_natasha
D:4:      layout_loops_ring, evilmike_ruin_ashenzari,
          nicolae_overflow_crystal_walls, nicolae_xom_altar_mimics,
          minmay_temple_entry_sparse_star, first_ration
D:5:      layout_loops_ring, gammafunk_ghost_icy, minmay_fountain_box,
          uniq_pikel
D:6:      layout_cave_pools, dancing_weapons_uskayaw,
          biasface_ghost_orc_armoury, serial_shops, nicolae_shop_stone
D:7:      layout_basic, okawaru_altar_gauntlet_db
Temple:   eino_temple_rhombus

Skill      XL: |  1  2  3  4  5  6  7  8  9 |
---------------+----------------------------+-----
Fighting       | 1 2 3 4 |  4.4
Transmutations | 2 3 4 5 6 |  6.2
Throwing       | 1 2 3 |  3.9
Unarmed Combat | 4 5 6 |  6.2
Invocations    | 2 4 |  4.9
Dodging        | |  1.5
Spellcasting   | |  1.2
Evocations     | |  0.4

Action                   |  1- 3 |  4- 6 |  7- 9 || total
-------------------------+-------+-------+-------++-------
Melee: Unarmed           |    55 |   150 |   297 ||   502
       Punch             |       |     4 |     7 ||    11
Throw: Stone             |       |     2 |    21 ||    23
       Dart              |       |       |     9 ||     9
       Javelin           |       |       |     1 ||     1
Invok: Recite            |       |       |     3 ||     3
Evoke: Wand              |       |       |     1 ||     1
  Use: Scroll            |       |     7 |     6 ||    13
       Potion            |       |       |     6 ||     6
 Stab: Sleeping          |       |     6 |       ||     6
  Eat: Chunk             |     4 |    23 |    27 ||    54
       Ration            |     1 |       |     1 ||     2
Armor: Robe              |    16 |    48 |    62 ||   126
Dodge: Dodged            |    32 |    73 |   123 ||   228
       Deflected         |       |       |     6 ||     6

Table legend:
 A = Non-vault XP
 B = Vault XP
 C = Vault XP percentage of total XP
 D = Non-vault monster count
 E = Vault monster count
 F = Vault count percentage of total count
                 A         B        C        D         E       F
            +---------+---------+-------+---------+---------+-------
      Total |    2738 |    1467 |  34.9 |     120 |      23 |  16.1
            +---------+---------+-------+---------+---------+-------
        D:1 |      23 |       0 |   0.0 |      10 |       0 |   0.0
        D:2 |     114 |      33 |  22.4 |      25 |      11 |  30.6
        D:3 |     198 |      35 |  15.0 |      14 |       1 |   6.7
        D:4 |     339 |       0 |   0.0 |      12 |       0 |   0.0
        D:5 |     768 |     607 |  44.1 |      20 |       1 |   4.8
        D:6 |     470 |     792 |  62.8 |      16 |      10 |  38.5
        D:7 |     826 |       0 |   0.0 |      23 |       0 |   0.0
            +---------+---------+-------+---------+---------+-------
